 Dungeon Crawl Stone Soup version 0.24-a0-252-g5076262 (webtiles) character file.

Game seed: 14965887314543845730

1202 Borgoz the Skirmisher (level 8, -1/49 HPs)
             Began as a Gargoyle Gladiator on Apr 17, 2019.
             Killed by divine providence
             ... invoked by an orc priest
              (8 damage)
             ... on level 5 of the Dungeon.
             The game lasted 00:05:39 (3751 turns).

Borgoz the Skirmisher (Gargoyle Gladiator)          Turns: 3751, Time: 00:05:40

Health: -1/49      AC:  9    Str: 19    XL:     8   Next: 44%
Magic:  8/8        EV: 14    Int: 10    God:
Gold:   232        SH:  3    Dex: 13    Spells: 7/7 levels left

rFire    . . .     SeeInvis .   a - +0 rapier
rCold    . . .     Gourm    .   (no shield)
rNeg     + . .     Faith    .   b - +0 leather armour
rPois    ∞         Spirit   .   (helmet restricted)
rElec    +         Reflect  +   (no cloak)
rCorr    .         Harm     .   (no gloves)
MR       .....                  (no boots)
Stlth    +++.......             t - +3 amulet of reflection
HPRegen  0.16/turn              (no ring)
MPRegen  0.11/turn              (no ring)

@: no status effects
A: horns 1, high mp 1, negative energy resistance 1, electricity resistance,
strong 1, unbreathing, petrification resistance, rot immunity, AC +5
a: no special abilities


You were on level 5 of the Dungeon.
You were not hungry.

You visited 1 branch of the dungeon, and saw 5 of its levels.

You collected 232 gold pieces.

Inventory:

Hand Weapons
 a - a +0 rapier (weapon)
Missiles
 d - 3 throwing nets (quivered)
Armour
 b - a +0 leather armour (worn)
 c - a +0 helmet
Jewellery
 t - a +3 amulet of reflection (around neck)
Wands
 q - a wand of flame (11)
Scrolls
 i - 2 scrolls of teleportation
 m - a scroll of blinking {unknown}
 n - a scroll of fear {unknown}
Potions
 e - 2 potions of brilliance
 l - a potion of resistance
Comestibles
 f - 8 rations
 g - 4 chunks of flesh


   Skills:
 + Level 5.2 Fighting
 + Level 4.8 Short Blades
 - Level 1.7 Throwing
 + Level 4.6 Armour
 + Level 4.3 Dodging
 - Level 5.0 Stealth


You had 7 spell levels left.
You didn't know any spells.
Your spell library contained the following spells:

 Spells                   Type           Power        Failure   Level  Hunger
 Summon Small Mammal      Summ           #...         41%         1    ##.....
 Call Imp                 Summ           #.......     54%         2    ###....
 Call Canine Familiar     Summ           #.......     78%         3    ####...
 Summon Guardian Golem    Hex/Summ       #.......     78%         3    ####...
 Summon Ice Beast         Ice/Summ       #.......     99%         4    #####..
 Summon Lightning Spire   Summ/Air       #.......     99%         4    #####..


Dungeon Overview and Level Annotations

Branches:
Dungeon (5/15)
 Temple: D:4-7

Altars:

Annotations:
D:5 Dowan, Duvessa


Innate Abilities, Weirdness & Mutations

You are resistant to torment.
Your stone body is resilient. (AC +5)
You are immune to poison.
You resist negative energy. (rN+)
You are resistant to electric shocks. (rElec)
You can survive without breathing.
You are immune to petrification.
You are immune to rotting.
You have a pair of small horns on your head.
You have an increased reservoir of magic. (+10% MP)
Your muscles are strong. (Str +2)


Message History

The orc is severely wounded.
You block the orc's attack.
You closely miss the orc. You headbutt the orc, but do no damage.
The orc is severely wounded.
The orc misses you.
You hear some strange, mumbled words.
You puncture the orc!
You kill the orc!
The orc wizard gestures wildly while chanting.
The orc wizard blinks!
You barely miss the orc priest. You headbutt the orc priest.
The orc priest is heavily wounded.
The orc priest calls upon Beogh to heal the orc priest.
The orc priest is healed somewhat.
The orc priest hits you but does no damage.
You hit the orc priest.
The orc priest is heavily wounded.
The orc priest mumbles some strange prayers to Beogh against you.
Beogh smites you!
You die...

##. #############..
#..............
#.##########... #.# #... #.#
###... ##.####### ##.##
#.....
........o#####.#.#######.....
#......ho.o@.###.)).........
.......#.#####.#.#######.....
.#####.#o# ##.## #..... ..h..
#.# ###... #...... #)# #.##
......#. #.# #.## ###{#.##.#
#.# #.## ....# # #.#
######.## #.# #....#[##


You could see a hound, 2 orc priests and an orc wizard.

Vanquished Creatures
  Grinder (D:4)
  Eustachio (D:4)
  A necrophage (D:5)
  An ogre (D:4)
  Blork the orc (D:4)
  2 scorpions
  2 crimson imps
  An orc priest (D:5)
  A hound (D:4)
  A bullfrog skeleton (D:4)
  An orc wizard (D:5)
  2 iguanas
  2 worker ants
  Ijyb (D:4)
  A hound skeleton (D:4)
  12 adders
  A shadow imp (D:5)
  2 oozes
  3 worms
  3 dart slugs
  4 leopard geckos
  11 orcs
  2 giant cockroaches
  4 goblins
  12 hobgoblins
  5 kobolds
  3 quokkas
  2 ball pythons
  5 bats
  2 frilled lizards
  6 rats
96 creatures vanquished.

Notes
Turn   | Place    | Note
-------+----------+-------------------------------------------
     0 | D:1      | Borgoz the Gargoyle Gladiator began the quest for the Orb.
     0 | D:1      | Reached XP level 1. HP: 12/12 MP: 1/1
    31 | D:1      | Reached XP level 2. HP: 16/18 MP: 2/2
   256 | D:1      | Reached skill level 1 in Stealth
   262 | D:1      | Reached skill level 1 in Armour
   388 | D:1      | Reached XP level 3. HP: 22/22 MP: 3/3
   940 | D:2      | Reached XP level 4. HP: 22/27 MP: 4/4
  1281 | D:3      | Reached XP level 5. HP: 18/32 MP: 5/5
  2015 | D:4      | Noticed Grinder
  2048 | D:4      | Killed Grinder
  2048 | D:4      | Reached XP level 6. HP: 18/38 MP: 6/6
  2204 | D:4      | Reached XP level 7. HP: 37/42 MP: 7/7
  2298 | D:4      | Noticed Blork the orc
  2309 | D:4      | Killed Blork the orc
  2503 | D:4      | Noticed Eustachio
  2546 | D:4      | Killed Eustachio
  2748 | D:4      | Reached XP level 8. HP: 29/48 MP: 8/8
  2981 | D:4      | Noticed Ijyb
  2990 | D:4      | Paralysed by Ijyb for 7 turns
  3004 | D:4      | Killed Ijyb
  3179 | D:5      | Entered Level 5 of the Dungeon
  3249 | D:5      | Noticed Duvessa
  3249 | D:5      | Noticed Dowan
  3296 | D:5      | Gained mutation: You have an increased reservoir of magic.
                  | (+10% MP) [potion of mutation]
  3296 | D:5      | Gained mutation: Your muscles are strong. (Str +2) [potion
                  | of mutation]
  3296 | D:5      | Gained mutation: You have a pair of small horns on your
                  | head. [potion of mutation]
  3587 | D:5      | Reached skill level 5 in Fighting
  3649 | D:5      | Reached skill level 5 in Stealth
  3751 | D:5      | Killed from afar by an orc priest

Levels and vault maps discovered:
D:1:      dpeg_arrival_line_fractal, layout_loops_ring, chequers_jeans
D:2:      layout_loops_ring, first_ration
D:3:      layout_rooms, wad_rectangle_vault
D:4:      layout_basic, uniq_eustachio, uniq_ijyb, uniq_grinder,
          uniq_blork_the_orc
D:5:      minmay_razor_zed, layout_loops_ring, uniq_duvessa

Skill      XL: |  1  2  3  4  5  6  7  8 |
---------------+-------------------------+-----
Stealth        | 1 2 3 4 5 |  5.0
Armour         | 1 3 4 |  4.6
Short Blades   | 3 4 |  4.8
Fighting       | 3 4 5 |  5.2
Dodging        | 3 4 |  4.3
Throwing       | |  1.7

Action                   |  1- 3 |  4- 6 |  7- 9 || total
-------------------------+-------+-------+-------++-------
Melee: Rapier            |   120 |   171 |   225 ||   516
       Headbutt          |       |       |    10 ||    10
  Use: Scroll            |       |     4 |     4 ||     8
       Potion            |       |       |     6 ||     6
 Stab: Sleeping          |     2 |     1 |     6 ||     9
  Eat: Chunk             |       |     4 |     6 ||    10
Armor: Leather armour    |    47 |    59 |    74 ||   180
       Skin              |       |       |     1 ||     1
Dodge: Dodged            |    72 |   128 |   128 ||   328
Block: Buckler           |       |       |    27 ||    27
       Other             |       |       |    10 ||    10

Table legend:
 A = Non-vault XP
 B = Vault XP
 C = Vault XP percentage of total XP
 D = Non-vault monster count
 E = Vault monster count
 F = Vault count percentage of total count
                 A         B        C        D         E       F
            +---------+---------+-------+---------+---------+-------
      Total |    1093 |     625 |  36.4 |      86 |      10 |  10.4
            +---------+---------+-------+---------+---------+-------
        D:1 |      43 |       0 |   0.0 |      20 |       0 |   0.0
        D:2 |      80 |       0 |   0.0 |      16 |       0 |   0.0
        D:3 |     141 |      26 |  15.6 |      20 |       6 |  23.1
        D:4 |     402 |     599 |  59.8 |      14 |       4 |  22.2
        D:5 |     427 |       0 |   0.0 |      16 |       0 |   0.0
            +---------+---------+-------+---------+---------+-------
